 Dungeon Crawl Stone Soup version 0.31-a0-934-gf4fcaacff8 (webtiles) character file.

Game seed: 15523476219131368800

322 Gladio the Cudgeller (level 6, 0/47 HPs)
             Began as a Human Fighter on Oct 20, 2023.
             Slain by a human zombie (5 damage)
             ... in an ossuary.
             The game lasted 00:06:47 (2869 turns).

Gladio the Cudgeller (Human Fighter)                Turns: 2869, Time: 00:06:48

Health: 0/47       AC: 10    Str: 19    XL:     6   Next: 76%
Magic:  6/6        EV:  7    Int:  8    God:
Gold:   14         SH:  4    Dex: 12    Spells: 5/5 levels left

rFire   . . .        a - +0 flail
rCold   . . .        c - +0 buckler
rNeg    . . .        n - +0 chain mail
rPois   .            (no helmet)
rElec   .            p - +0 cloak
rCorr   .            (no gloves)
SInv    .            (no boots)
Will    .....        (no amulet) Stlth
                     (no ring)
HPRegen 0.27/turn    (no ring)
MPRegen 0.10/turn

%: no passive effects
@: no status effects
A: no striking features
a: no special abilities


You were in an ossuary.
You visited 1 branch of the dungeon, and saw 4 of its levels.
You also visited: Sewer and Ossuary.

You collected 100 gold pieces.
You spent 86 gold pieces at shops.

Inventory:

Hand Weapons
 a - a +0 flail (weapon)
Missiles
 h - 16 poisoned darts (quivered)
Armour
 b - a +0 scale mail
 c - a +0 buckler (worn)
 n - a +0 chain mail (worn)
 p - a +0 cloak (worn)
Jewellery
 d - an amulet of the acrobat
Scrolls
 e - a scroll of acquirement {unknown}
 f - a scroll of amnesia
 i - 2 scrolls of noise
 k - 3 scrolls of enchant weapon
 l - a scroll of silence {unknown}
 r - a scroll of butterflies {unknown}
 s - 2 scrolls of teleportation
 t - a scroll of blinking {unknown}
 w - a scroll of poison
 y - a scroll of revelation {unknown}
Potions
 g - 2 potions of enlightenment
 j - 3 potions of heal wounds
 m - a potion of haste {unknown}
 o - a potion of brilliance {unknown}
 q - a potion of invisibility {unknown}
 u - 2 potions of magic
 v - a potion of mutation {unknown}
 x - a potion of ambrosia
 z - a potion of curing


   Skills:
 - Level 3.0 Fighting
 * Level 6.7 Maces & Flails
 - Level 3.0 Armour
 - Level 3.0 Shields


You had 5 spell levels left.
You didn't know any spells.
Your spell library was empty.

Dungeon Overview and Level Annotations

Branches:
Dungeon (4/15)              Sewer (visited)         Ossuary (1/1)
 Temple: D:4-7

Altars:
Okawaru

Shops:
D:3 ![*   D:4 ?


Message History

You hit the scorpion zombie but do no damage.
The scorpion zombie is severely damaged.
You feel sick.
The scorpion zombie hits you but does no damage.
You thump the scorpion zombie!
You destroy the scorpion zombie!
You feel sick.
The human zombie hits you but does no damage.
You hit the human zombie.
The human zombie is lightly damaged.
You feel sick. The human zombie barely misses you.
You closely miss the human zombie.
The human zombie is lightly damaged.
You feel sick.
You are no longer poisoned.
The human zombie barely misses you.
You hit the human zombie but do no damage.
The human zombie is lightly damaged.
The human zombie hits you but does no damage.
You hit the human zombie.
The human zombie is lightly damaged.
The human zombie hits you.
You sock the human zombie!
The human zombie is moderately damaged.
The human zombie hits you.
You thump the human zombie!
The human zombie is heavily damaged.
The human zombie hits you.
* * * LOW HITPOINT WARNING * * *
You sock the human zombie!
The human zombie is severely damaged.
The human zombie hits you but does no damage.
You hit the human zombie.
The human zombie is severely damaged.
The human zombie hits you.
* * * LOW HITPOINT WARNING * * *
You hit the human zombie.
The human zombie is almost destroyed.
The human zombie hits you.
You die...

#####################
#...#...#...#...#.!!#
#.∩.#...8...'...#?.?+
#...#.......#...#M!!#
##'###8...8###'######
#...#.......#...#...#
#.∩.'...8...#...8...#
#...#...#...#.@†....#
##############8Z..8##
.......# +...8...#
#...#...# #########


You could see a human zombie.

Vanquished Creatures
  Pargi (Sewer)
  A scorpion (Ossuary)
  An orc priest (D:3)
  A scorpion zombie (Ossuary)
  A mummy (D:4)
  2 adders
  4 orcs (D:3)
  6 endoplasms
  5 giant cockroaches
  3 goblins
  11 hobgoblins
  8 jackals (D:1)
  6 quokkas
  8 ball pythons
  4 bats
  5 frilled lizards
  A goblin zombie (Ossuary)
  A hobgoblin zombie (Ossuary)
  4 kobolds
  6 rats
79 creatures vanquished.

Notes
Turn   | Place    | Note
-------+----------+-------------------------------------------
     0 | D:1      | Gladio the Human Fighter began the quest for the Orb.
     0 | D:1      | Reached XP level 1. HP: 18/18 MP: 1/1
   139 | D:1      | Reached XP level 2. HP: 24/24 MP: 2/2
   173 | D:1      | Reached skill level 3 in Maces & Flails
   297 | D:1      | Reached XP level 3. HP: 9/29 MP: 3/3
  1089 | D:2      | Found a faded altar of an unknown god.
  1247 | D:2      | Reached skill level 4 in Maces & Flails
  1247 | D:2      | Reached XP level 4. HP: 35/35 MP: 4/4
  1586 | D:3      | Found a glowing drain.
  1635 | Sewer    | Entered a sewer
  1723 | Sewer    | Noticed Pargi
  1738 | Sewer    | Killed Pargi
  1739 | Sewer    | Reached skill level 5 in Maces & Flails
  1739 | Sewer    | Reached XP level 5. HP: 28/41 MP: 5/5
  1979 | D:3      | Found Sac Gef's Antique Armour Boutique.
  1983 | D:3      | Found an iron altar of Okawaru.
  2000 | D:3      | Reached XP level 6. HP: 40/47 MP: 6/6
  2060 | D:3      | Reached skill level 6 in Maces & Flails
  2141 | D:3      | Found Wyny's General Store.
  2343 | D:3      | Found Eseg's Distillery.
  2346 | D:3      | Bought a potion of curing for 42 gold pieces
  2768 | D:4      | Found Naqytaxye's Magic Scroll Shoppe.
  2771 | D:4      | Bought a scroll of identify for 22 gold pieces
  2771 | D:4      | Bought a scroll of identify for 22 gold pieces
  2793 | D:4      | Found a sand-covered staircase.
  2808 | Ossuary  | Entered an ossuary
  2869 | Ossuary  | Slain by a human zombie

Illustrated notes

Levels and vault maps discovered:
D:1:      scummos_arrival_simple_fountains, layout_basic, nrook_mini_backslash
D:2:      layout_loops_ring, shapermc_ecumenical_altar_mp_ritualfount
D:3:      layout_basic, okawaru_trees_2, gup_sewer_entry_pipe, serial_shops,
          nicolae_shop_tiny_glass, nicolae_shop_statue_plus,
          nicolae_shop_behind_doors, grunt_decor_junction
D:4:      layout_gridville, gup_ossuary_entry_pyramid, minmay_misc_feat_tiny,
          nicolae_stop_n_shop_2
Ossuary:  ossuary_minmay_scorpions

Skill      XL: |  1  2  3  4  5  6 |
---------------+-------------------+-----
Maces & Flails | 3 4 5 6 |  6.7
Fighting       | |  3.0
Armour         | |  3.0
Shields        | |  3.0

Action                     |  1- 3 |  4- 6 || total
---------------------------+-------+-------++-------
  Melee: Flail             |   158 |   133 ||   291
  Throw: Dart              |       |     3 ||     3
    Use: Scroll            |       |     9 ||     9
         Potion            |       |     1 ||     1
 Armour: Scale mail        |   127 |       ||   127
         Chain mail        |    17 |   116 ||   133
  Dodge: Dodged            |    86 |    39 ||   125
  Block: Buckler           |    44 |    38 ||    82

Table legend: (Time is in decaauts)
 A = Elapsed time spent in this place.
 B = Non-inter-level travel time spent in this place.
 C = Inter-level travel time spent in this place.
 D = Time resting spent in this place.
 E = Time spent auto-exploring this place.
 F = Levels seen in this place.
 G = Mean time per level.
                   A        B        C        D        E       F      G
               +--------+--------+--------+--------+--------+-----+--------+
         Total |   2976 |   2796 |    180 |      0 |   2103 |   6 |  496.0 |
       Dungeon |   2656 |   2476 |    180 |      0 |   1921 |   4 |  664.0 |
         Sewer |    256 |    256 |      0 |      0 |    155 |   1 |  256.0 |
       Ossuary |     63 |     63 |      0 |      0 |     27 |   1 |   63.0 |
               +--------+--------+--------+--------+--------+-----+--------+

Top non-repeatable levels by time:
     D:3: 1040 daAuts
     D:2: 828 daAuts
     D:1: 746 daAuts
   Sewer: 256 daAuts
 Ossuary: 63 daAuts
     D:4: 41 daAuts
